 Dungeon Crawl Stone Soup version 0.23-a0-164-g7711e57 (webtiles) character file.

173 Kikal the Ruffian (level 5, -7/41 HPs)
             Began as a Mummy Monk on Sept 9, 2018.
             Was a Follower of Ru.
             Mangled by a gnoll
             ... wielding a +0 flail
              (9 damage)
             ... on level 3 of the Dungeon.
             The game lasted 00:10:58 (3498 turns).

Kikal the Ruffian (Mummy Monk)                      Turns: 3498, Time: 00:10:59

Health: -7/41      AC:  5    Str: 15    XL:     5   Next: 28%
Magic:  5/5        EV: 11    Int: 10    God:    Ru [*.....]
Gold:   160        SH:  0    Dex: 14    Spells: 4/4 levels left

rFire    x . .     SeeInvis .     - Unarmed
rCold    + . .     Gourm    .   (no shield)
rNeg     + + +     Faith    .   g - +0 ring mail
rPois    ∞         Spirit   .   (no helmet)
rElec    .         Reflect  .   (no cloak)
rCorr    .         Harm     .   (no gloves)
MR       .....                  (no boots)
Stlth    +.........             b - amulet of the acrobat
HPRegen  0.13/turn              (no ring)
MPRegen  0.09/turn              (no ring)

@: no status effects
A: no food or potions, fire vulnerability, cold resistance 1, negative energy
resistance 3, torment resistance, unbreathing, no charms magic, no hexes magic,
no poison magic
a: Renounce Religion


You were on level 3 of the Dungeon.
You worshipped Ru.
Ru was aware of your devotion.
You were not hungry.

You visited 1 branch of the dungeon, and saw 3 of its levels.

You collected 160 gold pieces.

Inventory:

Hand Weapons
 l - a cursed +0 short sword
Missiles
 a - 88 stones (quivered)
 d - 5 curare-tipped needles
Armour
 g - a +0 ring mail (worn)
 h - a +0 chain mail
Jewellery
 b - an amulet of the acrobat (around neck)
Scrolls
 c - a scroll of teleportation {unknown}
 e - a scroll of fog {unknown}
 f - 4 scrolls of identify {unknown}
 i - a scroll of immolation {unknown}
 j - 2 scrolls of remove curse {unknown}
 k - a scroll of random uselessness {unknown}


   Skills:
 + Level 3.2 Fighting
 - Level 2.4 Dodging
 - Level 1.5 Stealth
 + Level 4.9 Unarmed Combat


You had 4 spell levels left.
You didn't know any spells.
Your spell library was empty.

Dungeon Overview and Level Annotations

Branches:
Dungeon (3/15)

Altars:
Qazlal
Ru
Sif Muna
Zin

Annotations:
D:3 Ijyb


Innate Abilities, Weirdness & Mutations

You do not eat or drink.
Your flesh is vulnerable to fire.
You are immune to poison.
Your flesh is cold resistant. (rC+)
You are immune to negative energy. (rN+++)
You are immune to unholy pain and torment.
You can survive without breathing.
You cannot study or cast Charms magic.
You cannot study or cast Hexes magic.
You cannot study or cast Poison magic.


Message History

You hit the gnoll. The gnoll hits you with a flail!
The gnoll barely misses you.
You take 8 damage, and have 24/41 hp.
You hit the gnoll but do no damage. The gnoll hits you with a flail!
The gnoll closely misses you.
You take 9 damage, and have 15/41 hp.
MASSIVE DAMAGE!!
You are too injured to fight recklessly!
You are too injured to fight recklessly!
The gnoll misses you. x2
The gnoll hits you but does no damage.
There is an open door here.
You open the door.
The gnoll hits you from afar with a spear.
The gnoll hits you with a flail!
* * * LOW HITPOINT WARNING * * *
You take 15 damage, and have 2/41 hp.
MASSIVE DAMAGE!!
There is an open door here.
There is a stone staircase leading up here.
The gnoll barely misses you. The gnoll hits you with a flail!
You die...

..########.## #.#...........# #.
#### #.# #.#.####.####.# #. ...#
#.# ###.#.......#.# #. ...# ##+##
#.#.##.##.#.###. #..# ##...##
###.#.#...#.#.#.g.
#..#####.....###......._.......#.
.)...##.......##.#.#.#...#.#%###.
##...#........÷..#.#.##.##.#.##..
##...'.........g@#.#.......#.#...
##..##........g###.####.####.##.#
....###.......## #........)..#.g.
....# ##.....## ######.#######g#
##.## ##...## #.#..##.# #.. ##.#
##'## #.#.###.# ### ##.# #.###
#.......# # ##.## #...# ###.#####
# #...# ##...# #.# #


You could see 2 gnolls.

Vanquished Creatures
  Natasha (thrice) (D:2)
  A gnoll (D:3)
  2 worms (D:3)
  4 dart slugs
  A leopard gecko (D:2)
  An orc (D:3)
  14 giant cockroaches
  3 goblins
  5 hobgoblins
  6 jackals
  8 kobolds
  A quokka (D:3)
  3 ball pythons
  A ball python skeleton (D:3)
  6 bats
  7 frilled lizards
  7 rats
73 creatures vanquished.

Notes
Turn   | Place    | Note
-------+----------+-------------------------------------------
     0 | D:1      | Kikal the Mummy Monk began the quest for the Orb.
     0 | D:1      | Reached XP level 1. HP: 18/18 MP: 1/1
   179 | D:1      | Reached skill level 3 in Unarmed Combat
   179 | D:1      | Reached XP level 2. HP: 19/24 MP: 2/2
   846 | D:1      | Reached XP level 3. HP: 29/29 MP: 3/3
  1410 | D:2      | Reached skill level 4 in Unarmed Combat
  1443 | D:2      | Noticed Natasha
  1456 | D:2      | Killed Natasha
  1456 | D:2      | Reached XP level 4. HP: 10/35 MP: 4/4
  1678 | D:2      | Noticed Natasha
  1694 | D:2      | Killed Natasha
  1925 | D:2      | Noticed Natasha
  1964 | D:2      | Killed Natasha
  2248 | D:2      | Reached XP level 5. HP: 36/41 MP: 5/5
  2359 | D:2      | Found a stormy altar of Qazlal.
  2486 | D:3      | Noticed Ijyb
  2883 | D:3      | Found a sacrificial altar of Ru.
  2891 | D:3      | Became a worshipper of Ru the Awakened
  2896 | D:3      | Gained mutation: You cannot study or cast Poison magic. [Ru
                  | sacrifice]
  2896 | D:3      | Gained mutation: You cannot study or cast Hexes magic. [Ru
                  | sacrifice]
  2896 | D:3      | Gained mutation: You cannot study or cast Charms magic. [Ru
                  | sacrifice]
  2896 | D:3      | Reached * piety under Ru
  2961 | D:3      | Found a deep blue altar of Sif Muna.
  3183 | D:3      | Found a glowing silver altar of Zin.
  3495 | D:3      | HP: 2/41 [gnoll/flail (11)]
  3498 | D:3      | Mangled by a gnoll

Vault maps used:
D:1:      lightli_arrival_statue_moat
D:2:      minmay_roachtagon, lemuel_doored_altar,
          corexii_item_surrounded_by_moat, grunt_decor_resistance, uniq_natasha
D:3:      nicolae_ru_sacrificial_ziggurat, lemuel_crystal_altar,
          nicolae_overflow_crystal_walls, trog_butcher_becter, uniq_ijyb

Skill      XL: |  1  2  3 |
---------------+----------+-----
Unarmed Combat | 3 4 |  4.9
Fighting       | |  3.2
Dodging        | |  2.4
Stealth        | |  1.5

Action                   |  1- 3 |  4- 6 || total
-------------------------+-------+-------++-------
Melee: Unarmed           |   216 |    95 ||   311
       Punch             |     7 |       ||     7
Throw: Stone             |       |     1 ||     1
Invok: Sacrifice Arcana  |       |     1 ||     1
Armor: Leather armour    |     9 |       ||     9
       Ring mail         |    44 |    21 ||    65
Dodge: Dodged            |   119 |    52 ||   171

Table legend:
 A = Non-vault XP
 B = Vault XP
 C = Vault XP percentage of total XP
 D = Non-vault monster count
 E = Vault monster count
 F = Vault count percentage of total count
                 A         B        C        D         E       F
            +---------+---------+-------+---------+---------+-------
      Total |     193 |      55 |  22.2 |      62 |      11 |  15.1
            +---------+---------+-------+---------+---------+-------
        D:1 |      44 |       0 |   0.0 |      29 |       0 |   0.0
        D:2 |     104 |      55 |  34.6 |      17 |      11 |  39.3
        D:3 |      45 |       0 |   0.0 |      16 |       0 |   0.0
            +---------+---------+-------+---------+---------+-------
